 Dungeon Crawl Stone Soup version 0.28.0 (webtiles) character file.

Game seed: 6960810880677814510

3142 Ayyar the Cleaver (level 9, -1/79 HPs)
             Began as a Minotaur Fighter on Feb 18, 2022.
             Was an Initiate of Qazlal.
             Killed from afar by an electric eel (11 damage)
             ... with a bolt of electricity
             ... on level 6 of the Dungeon.
             The game lasted 00:19:55 (7271 turns).

Ayyar the Cleaver (Minotaur Fighter)                Turns: 7271, Time: 00:19:55

Health: -1/79      AC:  9    Str: 29    XL:     9   Next: 61%
Magic:  8/8        EV:  9    Int:  7    God:    Qazlal [......]
Gold:   228        SH:  5    Dex: 10    Spells: 8/8 levels left

rFire   . . .      SeeInvis .   a - +0 war axe
rCold   . . .      Faith    .   c - +0 buckler
rNeg    . . .      Spirit   .   b - +0 scale mail
rPois   .          Reflect  .   (helmet restricted)
rElec   .          Harm     .   l - +0 cloak
rCorr   +          Rampage  .   (no gloves)
Will    .....                   (no boots)
Stlth   ..........              (no amulet)
HPRegen 0.23/turn               d - +6 ring of strength
MPRegen 0.11/turn               u - ring of resist corrosion

@: mighty, studying Long Blades
A: horns 2, retaliatory headbutt
a: Renounce Religion


You were on level 6 of the Dungeon.
You worshipped Qazlal.
Qazlal was noncommittal.
You visited 2 branches of the dungeon, and saw 7 of its levels.
You also visited: Ossuary.

You collected 241 gold pieces.
You spent 13 gold pieces at shops.

Inventory:

Hand Weapons
 a - a +0 war axe (weapon)
 w - a +0 whip
Missiles
 q - 11 curare-tipped darts (quivered)
 F - a boomerang
Armour
 b - a +0 scale mail (worn)
 c - a +0 buckler (worn)
 l - a +0 cloak (worn)
Jewellery
 d - a +6 ring of strength (left hand)
 u - a ring of resist corrosion (right hand)
 D - a ring of fire
 J - a ring of magical power
Wands
 k - a wand of iceblast (9)
 K - a wand of charming (3)
Scrolls
 e - 3 scrolls of identify
 f - a scroll of immolation
 h - a scroll of fog
 m - 2 scrolls of teleportation
 y - a scroll of amnesia {unknown}
 z - a scroll of blinking {unknown}
 B - a scroll of enchant weapon {unknown}
 E - a scroll of enchant armour {unknown}
 G - a scroll of silence {unknown}
 I - a scroll of magic mapping {unknown}
Potions
 g - 3 potions of resistance
 i - a potion of heal wounds {unknown}
 j - 7 potions of flight
 n - a potion of might
 o - a potion of berserk rage {unknown}
 p - 3 potions of attraction
 s - 2 potions of lignification {unknown}
 t - a potion of mutation
 v - a potion of brilliance {unknown}
 x - 2 potions of invisibility {unknown}
 A - a potion of haste {unknown}
 H - a potion of cancellation {unknown}


   Skills:
 + Level 7.5 Fighting
 * Level 9.7 Axes
 + Level 4.5 Throwing
 + Level 7.5 Armour
 + Level 7.7 Shields
 + Level 1.7 Evocations


You had 8 spell levels left.
You didn't know any spells.
Your spell library contained the following spells:

 Spells                   Type           Power      Damage    Failure   Level
 Animate Skeleton         Necr           0%         N/A       75%         1
 Pain                     Necr           0%         1d4       75%         1
 Slow                     Hex            0%         N/A       75%         1
 Confusing Touch          Hex            0%         N/A       98%         3
 Conjure Flame            Conj/Fire      0%         6-21      98%         3
 Ignite Poison            Fire/Tmut/Pois 0%         N/A       98%         3
 Vampiric Draining        Necr           0%         2d6       98%         3
 Fulminant Prism          Conj/Hex       0%         3d6       100%        4
 Iskenderun's Mystic Bla  Conj/Tloc      0%         2d3       100%        4
 Sticky Flame             Conj/Fire      0%         2d3       100%        4
 Agony                    Necr           0%         N/A       100%        5
 Alistair's Intoxication  Tmut/Pois      0%         N/A       100%        5
 Borgnjor's Vile Clutch   Necr/Erth      0%         N/A       100%        5
 Excruciating Wounds      Necr           0%         N/A       100%        5
 Lee's Rapid Deconstruct  Erth           0%         3d5*      100%        5
 Eringya's Noxious Bog    Tmut/Pois      0%         N/A       100%        6


Dungeon Overview and Level Annotations

Branches:
Dungeon (6/15)             Temple (1/1) D:6         Ossuary (visited)

Altars:
Ashenzari
Cheibriados
Dithmenos
Elyvilon
Fedhas
Gozag
Hepliaklqana
Kikubaaqudgha
Makhleb
Nemelex Xobeh
Okawaru
Qazlal
Ru
Sif Muna
Trog
Uskayaw
Vehumet
Wu Jian
Xom
Yredelemnul
Zin
The Shining One

Shops:
D:1 [   D:4 [   D:6 *

Annotations:
D:5 2 runed translucent doors, Skilfsilihog's ghost, novice DrCj


Innate Abilities, Weirdness & Mutations

You have a pair of horns on your head.
You reflexively headbutt those who attack you in melee.


Message History

You feel sick.
You feel sick.
You feel sick.
You are no longer poisoned.
HP restored.
An electric eel comes into view.
The electric eel shoots out a bolt of lightning at you!
The bolt of electricity hits you!
There is an open door here.
You see here a scorpion corpse.
You enter the shallow water.
Moving in this stuff is going to be slow.
The electric eel shoots out a bolt of lightning at you!
The bolt of electricity misses you.
You miss the electric eel. Your headbutt misses the electric eel.
The electric eel shoots out a bolt of lightning at you!
The bolt of electricity hits you!
You closely miss the electric eel.
The electric eel shoots out a bolt of lightning at you!
The bolt of electricity hits you!
You closely miss the electric eel. Your headbutt misses the electric eel.
The electric eel shoots out a bolt of lightning at you!
The bolt of electricity hits you!
The electric eel shoots out a bolt of lightning at you!
The bolt of electricity hits you!
You barely miss the electric eel. Your headbutt misses the electric eel.
You miss the electric eel. Your headbutt misses the electric eel.
You barely miss the electric eel.
The electric eel shoots out a bolt of lightning at you!
The bolt of electricity hits you.
* * * LOW HITPOINT WARNING * * *
Okay, then.
You feel very mighty all of a sudden.
The electric eel shoots out a bolt of lightning at you!
The bolt of electricity hits you!
* * * LOW HITPOINT WARNING * * *
You miss the electric eel. Your headbutt misses the electric eel.
The electric eel shoots out a bolt of lightning at you!
The bolt of electricity hits you!
You die...

......######.##).........#
......##.......###.#####.#
#.#...##.###.#.###.##
#..##..#.###........#
#...##......##.####.##
#..÷.##..##.##.# #..#
..>.###..##.########†######
....###......#≈≈S≈≈≈.≈≈≈≈≈≈#
##...#.......#≈.@.........≈#
###......##.##≈...........≈#
##...###.##.##≈..#######..≈#
.....# #.##.##≈..# ..≈#
.....# #.##.##≈..# .≈#
.....# #.##.##≈..# ≈# .....#
#.....#≈..# .....#
###...#≈..# .....######.##


You could see an electric eel.

Vanquished Creatures
  A cyclops (D:6)
  A wraith (D:6)
  2 sky beasts (D:5)
  An ogre (D:6)
  2 necrophages
  2 centaurs
  2 phantoms (D:6)
  13 scorpions
  A water moccasin skeleton (D:6)
  A centaur zombie (Ossuary)
  A howler monkey (D:5)
  A hound (D:5)
  A jelly (D:6)
  5 orc priests
  A gnoll shaman (D:5)
  4 human zombies (Ossuary)
  Jessica (D:3)
  3 iguanas
  3 scorpion zombies (Ossuary)
  6 orc wizards
  A hound skeleton (D:5)
  4 mummies
  A howler monkey skeleton (D:5)
  7 gnolls
  4 adders
  2 shadow imps
  3 dart slugs
  28 orcs
  9 ball pythons
  4 bats (D:1)
  6 endoplasms
  2 giant cockroaches (D:1)
  7 gnoll zombies (Ossuary)
  5 hobgoblins
  A quokka (D:3)
  6 goblins
  A goblin zombie (Ossuary)
  3 hobgoblin zombies (Ossuary)
  3 kobolds
  2 kobold zombies (Ossuary)
  2 orc zombies (Ossuary)
  9 rats
162 creatures vanquished.

Vanquished Creatures (others)
  A troll (D:6)
1 creature vanquished.

Grand Total: 163 creatures vanquished

Notes
Turn   | Place    | Note
-------+----------+-------------------------------------------
     0 | D:1      | Ayyar the Minotaur Fighter began the quest for the Orb.
     0 | D:1      | Reached XP level 1. HP: 19/19 MP: 0/0
   145 | D:1      | Reached XP level 2. HP: 25/27 MP: 1/1
   407 | D:1      | Found Nocequr's Antique Armour Shoppe.
   431 | D:1      | Reached skill level 3 in Axes
   578 | D:1      | Reached XP level 3. HP: 33/33 MP: 2/2
   749 | D:2      | Noticed a necrophage
   757 | D:2      | Killed a necrophage
   758 | D:2      | Reached skill level 1 in Throwing
   758 | D:2      | Reached XP level 4. HP: 35/40 MP: 3/3
   783 | D:2      | Reached skill level 4 in Axes
  1038 | D:2      | Found a faded altar of an unknown god.
  1049 | D:2      | Reached XP level 5. HP: 46/46 MP: 4/4
  1384 | D:3      | Noticed Jessica
  1391 | D:3      | Killed Jessica
  2004 | D:3      | Reached XP level 6. HP: 17/53 MP: 5/5
  2350 | D:4      | Reached skill level 5 in Axes
  2359 | D:4      | Reached skill level 5 in Armour
  2359 | D:4      | Reached skill level 5 in Shields
  2582 | D:4      | Found Rison's Antique Armour Boutique.
  2647 | D:4      | Reached skill level 5 in Fighting
  3335 | D:5      | Entered Level 5 of the Dungeon
  3349 | D:5      | Reached XP level 7. HP: 52/61 MP: 6/6
  3443 | D:5      | Found a large runed translucent door.
  3443 | D:5      | Found a large runed translucent door.
  3446 | D:5      | Noticed Skilfsilihog's ghost (novice DrCj)
  3468 | D:5      | Reached skill level 6 in Axes
  3531 | D:5      | Found a sand-covered staircase.
  3582 | Ossuary  | Entered an ossuary
  4166 | Ossuary  | Reached XP level 8. HP: 70/70 MP: 7/7
  4170 | Ossuary  | Reached skill level 7 in Axes
  4607 | D:5      | Reached skill level 8 in Axes
  5370 | D:5      | Reached XP level 9. HP: 78/78 MP: 8/8
  5730 | D:6      | Found a staircase to the Ecumenical Temple.
  5740 | Temple   | Entered the Ecumenical Temple
  6016 | Temple   | Became a worshipper of Qazlal Stormbringer
  6167 | D:6      | Found a snail-covered altar of Cheibriados.
  6197 | D:6      | Reached skill level 9 in Axes
  6379 | D:6      | Found Zoroopp's General Store.
  6387 | D:6      | Bought a potion of degeneration for 13 gold pieces
  6454 | D:6      | Reached skill level 1 in Evocations
  6458 | D:6      | Noticed a troll
  6644 | D:6      | Noticed a cyclops
  6652 | D:6      | HP: 2/79 [cyclops (23)]
  6654 | D:6      | Killed a cyclops
  6660 | D:6      | HP: 3/79 [phantom (7)]
  6737 | D:6      | HP: 3/79 [phantom (8)]
  7163 | D:6      | Found a shimmering altar of Xom.
  7163 | D:6      | Found a shimmering altar of Xom.
  7165 | D:6      | Found a burning altar of Makhleb.
  7165 | D:6      | Found an iron altar of Okawaru.
  7165 | D:6      | Found an opulent altar of Gozag.
  7271 | D:6      | Killed from afar by an electric eel

Illustrated notes

Levels and vault maps discovered:
D:1:      lightli_arrival_statue_moat, layout_basic, serial_shops,
          nicolae_diamond_shop
D:2:      layout_rooms, hellmonk_ecumenical_altar_arch_garden
D:3:      layout_loops_ring, uniq_jessica
D:4:      layout_basic, serial_shops, nicolae_shop_behind_doors
D:5:      layout_basic, ebering_ghost_disaster_area, gup_ossuary_entry_pyramid
D:6:      layout_loops_cross, doesnt_xom_only_xom, minmay_temple_entry_wispy,
          serial_shops, nicolae_stop_n_shop_2, kennysheep_small_spiral,
          kennysheep_path_1, minmay_manual_mail
Temple:   regret_index_temple_sigil_plot

Skill      XL: |  1  2  3  4  5  6  7  8  9 |
---------------+----------------------------+-----
Axes           | 3 4 5 6 8 9 |  9.7
Shields        | 4 5 6 7 |  7.7
Fighting       | 4 5 6 7 |  7.5
Throwing       | 1 2 3 4 |  4.5
Armour         | 4 5 6 7 |  7.5
Evocations     | 1 |  1.7

Action                   |  1- 3 |  4- 6 |  7- 9 || total
-------------------------+-------+-------+-------++-------
Melee: War axe           |    49 |   111 |   250 ||   410
       Headbutt          |     5 |    17 |    50 ||    72
Throw: Dart              |       |       |     1 ||     1
Evoke: Wand              |       |       |     1 ||     1
  Use: Potion            |     1 |       |     4 ||     5
       Scroll            |       |       |     8 ||     8
Armor: Scale mail        |    19 |    56 |    94 ||   169
Dodge: Dodged            |    20 |    47 |    79 ||   146
Block: Buckler           |     8 |    24 |    34 ||    66
